 Dungeon Crawl Stone Soup version 0.29-a0-993-g4a18f31a58 (webtiles) character file.

Game seed: 7726317485036381811

1178 ytrimaz the Cruncher (level 8, -5/63 HPs)
             Began as a Formicid Fighter on Aug 3, 2022.
             Was a Follower of Okawaru.
             Slain by a wraith (13 damage)
             ... on level 6 of the Dungeon.
             The game lasted 00:06:52 (4903 turns).

ytrimaz the Cruncher (Formicid Fighter)             Turns: 4903, Time: 00:06:52

Health: -5/63      AC:  4    Str: 23    XL:     8   Next: 69%
Magic:  8/8        EV: 13    Int: 12    God:    Okawaru [*.....]
Gold:   231        SH:  5    Dex: 13    Spells: 7/7 levels left

rFire   . . .      SeeInvis +   e - +6 lajatang of Ymone {freeze, rElec rC+ rN+ Int+4}
rCold   + . .      Faith    .   c - +0 buckler
rNeg    + . .      Spirit   .   b - +0 scale mail
rPois   .          Reflect  .   (helmet unavailable)
rElec   +          Harm     .   k - +0 cloak
rCorr   .          Rampage  .   (no gloves)
Will    .....                   (no boots)
Stlth   ..........              l - amulet of the acrobat
HPRegen 0.20/turn               v - +4 ring of evasion
MPRegen 0.11/turn               (no ring)

@: mighty, corroded
A: permanent stasis, dig shafts and tunnels, antennae 3, four strong arms
a: Dig, Shaft Self, Renounce Religion, Heroism


You were on level 6 of the Dungeon.
You worshipped Okawaru.
Okawaru was aware of your devotion.
You visited 2 branches of the dungeon, and saw 7 of its levels.

You collected 231 gold pieces.

Inventory:

Hand Weapons
 a - a +0 war axe
 e - the +6 lajatang of Ymone (weapon) {freeze, rElec rC+ rN+ Int+4}
   (You acquired it on level 2 of the Dungeon)

   It freezes those it strikes, dealing additional cold damage.
   It can also slow down cold-blooded creatures.
   Int:       It affects your intelligence (+4).
   rC:        It protects you from cold.
   rElec:     It insulates you from electricity.
   rN:        It protects you from negative energy.
Armour
 b - a +0 scale mail (worn)
 c - a +0 buckler (worn)
 k - a +0 cloak (worn)
 w - a +0 kite shield
Jewellery
 l - an amulet of the acrobat (around neck)
 t - a ring of wizardry
 v - a +4 ring of evasion (left hand)
 z - a +6 ring of dexterity
Wands
 i - a wand of charming (19)
Scrolls
 o - 2 scrolls of torment
 p - a scroll of poison
 r - a scroll of summoning
 s - a scroll of butterflies {unknown}
 u - 3 scrolls of identify
 y - a scroll of vulnerability {unknown}
Potions
 f - a potion of attraction
 g - 3 potions of invisibility
 h - a potion of lignification
 j - a potion of berserk rage {unknown}
 m - a potion of heal wounds {unknown}
 n - a potion of flight {unknown}
 q - a potion of mutation {unknown}
 x - a potion of cancellation {unknown}


   Skills:
 + Level 5.6 Fighting
 - Level 3.0 Axes
 * Level 8.4 Staves
 - Level 3.2 Armour
 - Level 4.0 Shields


You had 7 spell levels left.
You didn't know any spells.
Your spell library contained the following spells:

 Spells                   Type           Power      Damage    Failure   Level
 Magic Dart               Conj           0%         1d3       71%         1
 Searing Ray              Conj           0%         2d4       83%         2
 Sublimation of Blood     Necr           0%         N/A       83%         2
 Wereblood                Tmut           0%         N/A       83%         2
 Fulminant Prism          Conj/Hex       0%         3d6       100%        4
 Summon Hydra             Summ           Unusable   N/A       N/A         7

Dungeon Overview and Level Annotations

Branches:
Dungeon (6/15)             Temple (1/1) D:5

Altars:
Ashenzari
Cheibriados
Dithmenos
Elyvilon
Fedhas
Gozag
Kikubaaqudgha
Makhleb
Nemelex Xobeh
Okawaru
Qazlal
Ru
Sif Muna
Trog
Uskayaw
Vehumet
Wu Jian
Yredelemnul
Zin
The Shining One

Annotations:
D:4 2 transporters, Sobieck's ghost, novice VSBr
D:6 Eustachio


Innate Abilities, Weirdness & Mutations

You cannot be hasted, slowed, berserked, paralysed or teleported.
You can dig through walls and to a lower floor.
You have a pair of large antennae on your head. (SInv)
Your four strong arms can wield two-handed weapons with a shield.


Message History

You barely miss the brown ugly thing.
The brown ugly thing is heavily wounded.
The brown ugly thing claws you. The acid corrodes you!
You are splashed with acid!
The brown ugly thing barely misses you.
You hit the brown ugly thing. You freeze the brown ugly thing.
The brown ugly thing is heavily wounded.
The brown ugly thing claws you!
* * * LOW HITPOINT WARNING * * *
You are splashed with acid.
* * * LOW HITPOINT WARNING * * *
Unknown command.
Okay, then.
You slash the brown ugly thing! You freeze the brown ugly thing.
The brown ugly thing is severely wounded.
Eustachio casts a spell.
Eustachio blinks!
You block the brown ugly thing's attack.
Unknown command.
You slice the brown ugly thing!! You freeze the brown ugly thing!
You kill the brown ugly thing!
Okawaru is honoured by your kill.
Your Staves skill gained 2 levels and is now at level 8!
You have reached level 8!
You feel clever.
Unknown command.
You slice the ogre!! You freeze the ogre.
The ogre is almost dead.
The ogre misses you.
Unknown command.
You slash the ogre! You freeze the ogre.
You kill the ogre!
Okawaru accepts your kill.
Unknown command.
You slash the wraith!
The wraith is moderately damaged.
The wraith misses you.
You closely miss the wraith.
The wraith is moderately damaged.
The wraith hits you!
You die...

.# #### #.......# #.#.....#
#.#..#..#
###################....##..
#.............@W..#....###.
#.###############@#.###.##.
###.###### #..........###.#.
.........####.#.........####.
...........)........W.#.....♣
.........####.##....@...####.
(........####.......#..###.#.
......................###.##.
.........####.#..........###.


You could see Eustachio and a wraith.

Vanquished Creatures
  An ugly thing (D:6)
  A water moccasin (D:5)
  3 ogres
  A centaur (D:5)
  A howler monkey (D:4)
  4 orc priests
  2 orc wizards
  4 adders
  2 worms
  4 dart slugs
  9 orcs
  7 ball pythons
  7 bats
  10 endoplasms
  3 giant cockroaches
  4 goblins
  7 hobgoblins
  3 jackals (D:1)
  2 kobolds
  3 quokkas
  2 frilled lizards (D:1)
  3 rats
83 creatures vanquished.

Notes
Turn   | Place    | Note
-------+----------+-------------------------------------------
     0 | D:1      | ytrimaz the Formicid Fighter began the quest for the Orb.
     0 | D:1      | Reached XP level 1. HP: 18/18 MP: 1/1
   220 | D:1      | Reached XP level 2. HP: 22/25 MP: 2/2
   353 | D:1      | Reached XP level 3. HP: 30/30 MP: 3/3
  1467 | D:2      | Found a faded altar of an unknown god.
  1625 | D:2      | Reached XP level 4. HP: 37/37 MP: 4/4
  1638 | D:2      | Identified a scroll of acquirement
  1640 | D:2      | Acquired the +6 lajatang of Ymone {freeze, rElec rC+ rN+
                  | Int+4}
  2180 | D:3      | Reached skill level 1 in Staves
  2881 | D:4      | Reached XP level 5. HP: 41/43 MP: 5/5
  2882 | D:4      | Reached skill level 2 in Staves
  3015 | D:4      | Noticed Sobieck's ghost (novice VSBr)
  3021 | D:4      | Found a transporter.
  3429 | D:4      | Found a transporter.
  3468 | D:4      | Reached skill level 3 in Staves
  3636 | D:4      | Reached XP level 6. HP: 35/50 MP: 6/6
  3927 | D:4      | Found an iron altar of Okawaru.
  4121 | D:4      | Noticed an ogre
  4124 | D:4      | Killed an ogre
  4125 | D:4      | Reached skill level 4 in Staves
  4153 | D:4      | Became a worshipper of Warmaster Okawaru
  4180 | D:5      | Entered Level 5 of the Dungeon
  4248 | D:5      | Found a staircase to the Ecumenical Temple.
  4265 | Temple   | Entered the Ecumenical Temple
  4372 | D:5      | Reached skill level 5 in Fighting
  4373 | D:5      | Reached skill level 5 in Staves
  4373 | D:5      | Reached XP level 7. HP: 50/56 MP: 7/7
  4388 | D:5      | Noticed a water moccasin
  4394 | D:5      | Killed a water moccasin
  4473 | D:5      | Reached * piety under Okawaru
  4474 | D:5      | Reached skill level 6 in Staves
  4603 | D:5      | Found a bloodstained altar of Trog.
  4882 | D:6      | Noticed a brown ugly thing
  4882 | D:6      | Noticed a wraith
  4884 | D:6      | Noticed Eustachio
  4899 | D:6      | Killed a brown ugly thing
  4900 | D:6      | Reached skill level 8 in Staves
  4900 | D:6      | Reached XP level 8. HP: 7/63 MP: 8/8
  4903 | D:6      | Slain by a wraith

Illustrated notes

Levels and vault maps discovered:
D:1:      dpeg_arrival_more_subterranean_lakeside_camping, layout_basic,
          roderic_serpentine_path
D:2:      layout_basic, shapermc_ecumenical_altar_ellora, minmay_circle_x
D:3:      layout_basic
D:4:      layout_layer_cave, mainiacjoe_overflow_alcove_2, gammafunk_ghost_arena
D:5:      layout_rooms, kennysheep_little_box, temple_fountains
D:6:      layout_basic, nicolae_concentric_dashed_squares_wild,
          hangedman_decor_points, kb_rosetta, uniq_eustachio
Temple:   nicolae_temple_no_exploring_needed

Skill      XL: |  1  2  3  4  5  6  7 |
---------------+----------------------+-----
Fighting       | 4 5 |  5.6
Axes           | 3 |  3.0
Staves         | 1 3 5 8 |  8.4
Armour         | |  3.2
Shields        | |  4.0

Action                   |  1- 3 |  4- 6 |  7- 9 || total
-------------------------+-------+-------+-------++-------
Melee: War axe           |    64 |       |       ||    64
       Lajatang          |       |    71 |    26 ||    97
  Use: Scroll            |     4 |     6 |       ||    10
       Potion            |       |       |     1 ||     1
Armor: Scale mail        |    34 |    27 |     4 ||    65
Dodge: Dodged            |    41 |    62 |    29 ||   132
Block: Buckler           |    16 |    19 |     7 ||    42

Table legend: (Time is in decaauts)
 A = Elapsed time spent in this place.
 B = Non-inter-level travel time spent in this place.
 C = Inter-level travel time spent in this place.
 D = Time resting spent in this place.
 E = Time spent auto-exploring this place.
 F = Levels seen in this place.
 G = Mean time per level.
                   A        B        C        D        E       F      G
               +--------+--------+--------+--------+--------+-----+--------+
         Total |   4954 |   4681 |    273 |      0 |   3970 |   7 |  707.7 |
       Dungeon |   4947 |   4674 |    273 |      0 |   3967 |   6 |  824.5 |
        Temple |      7 |      7 |      0 |      0 |      3 |   1 |    7.0 |
               +--------+--------+--------+--------+--------+-----+--------+

Top non-repeatable levels by time:
     D:4: 1343 daAuts
     D:1: 1115 daAuts
     D:2: 1055 daAuts
     D:3: 711 daAuts
     D:5: 567 daAuts
     D:6: 153 daAuts
  Temple: 7 daAuts
